 Dungeon Crawl Stone Soup version 0.31-a0-152-g6aa68a64a1 (webtiles) character file.

Game seed: 2956679904952993564

16 qw the Shooter (level 2, 0/25 HPs)
             Began as a Minotaur Hunter on June 10, 2023.
             Constricted to death by a ball python (1 damage)
             ... on level 1 of the Dungeon.
             The game lasted 00:00:09 (287 turns).

qw the Shooter (Minotaur Hunter)                     Turns: 287, Time: 00:00:10

Health: 0/25       AC:  3    Str: 15    XL:     2   Next: 37%
Magic:  1/1        EV:  9    Int:  6    God:
Gold:   17         SH:  0    Dex: 13    Spells: 1/1 levels left

rFire   . . .        a - +0 shortbow
rCold   . . .        (shield currently unavailable)
rNeg    . . .        c - +0 leather armour
rPois   .            (helmet restricted)
rElec   .            (no cloak)
rCorr   .            (no gloves)
SInv    .            (no boots)
Will    .....        (no amulet)
Stlth   +            (no ring)
HPRegen 0.24/turn    (no ring)
MPRegen 0.07/turn

%: no passive effects
@: constricted
A: horns 2, retaliatory headbutt
a: no special abilities


You were on level 1 of the Dungeon.
You visited 1 branch of the dungeon, and saw 1 of its levels.

You collected 17 gold pieces.


Innate Abilities, Weirdness & Mutations

You have a pair of horns on your head.
You reflexively headbutt those who attack you in melee.


   Skills:
 + Level 2.8 Fighting
 - Level 5.0 Ranged Weapons
 - Level 2.1 Dodging
 - Level 0.7 Stealth


You had one spell level left.
You didn't know any spells.
Your spell library was empty.

Inventory:

Hand Weapons
 a - a +0 shortbow (weapon)
Armour
 c - a +0 leather armour (worn)
 e - a +0 ring mail
Scrolls
 b - a scroll of butterflies
 d - a scroll of fog {unknown}
 g - a scroll of poison {unknown}
Potions
 f - a potion of degeneration {unknown}

Dungeon Overview and Level Annotations

Branches:
Dungeon (1/15)

Altars:


Message History

A quokka comes into view.
You shoot an arrow. The arrow hits the frilled lizard.
You kill the frilled lizard!
You shoot an arrow. The arrow closely misses the goblin.
The arrow barely misses the jackal.
The arrow barely misses the quokka.
A ball python comes into view.
You shoot an arrow. The ball python hisses angrily.
The arrow hits the jackal.
The jackal is heavily wounded.
The jackal completely misses you. You furiously retaliate!
You headbutt the jackal!
You kill the jackal!
The goblin closely misses you. The jackal closely misses you.
You shoot an arrow. The arrow misses the jackal.
The jackal barely misses you. The goblin barely misses you.
A goblin comes into view. It is wielding a +0 club.
The jackal barely misses you. x2; You furiously retaliate!
You headbutt the jackal, but do no damage.
The goblin barely misses you.
The goblin moves out of view.
You shoot an arrow. The arrow closely misses the jackal.
The jackal bites you but does no damage.
The jackal bites you. The jackal misses you. You furiously retaliate!
You headbutt the jackal. The goblin barely misses you. The jackal bites you.
You shoot an arrow. The arrow misses the jackal.
The jackal bites you but does no damage.
The jackal misses you. The quokka closely misses you.
The goblin barely misses you. The jackal bites you.
You shoot an arrow. The arrow barely misses the jackal.
The jackal closely misses you. The quokka bites you.
The jackal barely misses you. The goblin hits you with a +0 club.
The jackal bites you.
You shoot an arrow. The arrow closely misses the jackal.
The arrow closely misses the ball python.
The jackal bites you. The quokka bites you. The jackal bites you.
The goblin hits you with a +0 club. The jackal bites you.
The quokka closely misses you. The jackal closely misses you.
The goblin barely misses you. The ball python bites you.
The ball python grabs you. The ball python constricts you.
You die...

.### .....
.........#
.#...#...##
..........
#.#.#...# #######
.......# ##......
#.ghS###.# #.......
.####.h@.....#
#.......
......r.######
#....... ######..#
#....... #..#
######.......
#.%####...##.......
#.........##.......
##.......%...####.#
####.#.###### #.#
#.#.# #.#


You could see a quokka, 2 jackals, a goblin and a ball python.

Vanquished Creatures
  2 goblins (D:1)
  A hobgoblin (D:1)
  2 jackals (D:1)
  2 kobolds (D:1)
  3 ball pythons (D:1)
  2 bats (D:1)
  A frilled lizard (D:1)
  3 rats (D:1)
16 creatures vanquished.

Notes
Turn   | Place    | Note
-------+----------+-------------------------------------------
     0 | D:1      | qw the Minotaur Hunter began the quest for the Orb.
     0 | D:1      | Reached XP level 1. HP: 18/18 MP: 0/0
     0 | D:1      | 0 ||| qw: Version: 0.2-a-122-gbc61b45
     0 | D:1      | 0 ||| qw: Game counter: 3535
     0 | D:1      | 0 ||| qw: Always use a shield: true
     0 | D:1      | 0 ||| qw: God list: Okawaru
     0 | D:1      | 0 ||| qw: Allow faded altars: false
     0 | D:1      | 0 ||| qw: Do Orc after D:15 true
     0 | D:1      | 0 ||| qw: Do second Lair branch before Depths: true
     0 | D:1      | 0 ||| qw: Lair rune preference: random
     0 | D:1      | 0 ||| qw: Plans: Normal
     0 | D:1      | 0 ||| PLANNING D:1-11
   164 | D:1      | Reached XP level 2. HP: 25/25 MP: 1/1
   187 | D:1      | Reached skill level 5 in Ranged Weapons
   287 | D:1      | HP: 4/25 [jackal (3)]
   287 | D:1      | HP: 1/25 [ball python (3)]
   287 | D:1      | Constricted to death by a ball python

Levels and vault maps discovered:
D:1:      wander_arrival_peaceful_grave, layout_basic

Skill      XL: |  1  2 |
---------------+-------+-----
Ranged Weapons | 5 |  5.0
Fighting       | |  2.8
Dodging        | |  2.1
Stealth        | |  0.7

Action                     || total
---------------------------++-------
   Fire: Shortbow          ||    50
 Armour: Leather armour    ||     4
  Dodge: Dodged            ||    26

Table legend:
 A = Non-vault XP
 B = Vault XP
 C = Vault XP percentage of total XP
 D = Non-vault monster count
 E = Vault monster count
 F = Vault count percentage of total count
                 A         B        C        D         E       F
            +---------+---------+-------+---------+---------+-------
      Total |      23 |       0 |   0.0 |      16 |       0 |   0.0
            +---------+---------+-------+---------+---------+-------
        D:1 |      23 |       0 |   0.0 |      16 |       0 |   0.0
            +---------+---------+-------+---------+---------+-------
